 Dungeon Crawl Stone Soup version 0.21.1-1-g345015fe64 (webtiles) character file.

121 Mrkan the Covered (level 5, 0/33 HPs)
             Began as a Gargoyle Fighter on May 4, 2018.
             Slain by a goblin (2 damage)
             ... led by Robin
             ... on level 3 of the Dungeon.
             The game lasted 00:06:00 (2015 turns).

Mrkan the Covered (Gargoyle Fighter)                Turns: 2015, Time: 00:06:01

Health: 0/33       AC:  9    Str: 26    XL:     5   Next: 5%
Magic:  5/5        EV:  9    Int:  8    God:
Gold:   57         SH: 10    Dex:  9    Spells: 4/4 levels left

rFire    + . .     SeeInvis .   a - +0 flail
rCold    . . .     Gourm    .   c - +0 shield
rNeg     + . .     Faith    .   i - +0 ring mail {rF+}
rPois    ∞         Spirit   .   (no helmet)
rElec    +         Reflect  .   (no cloak)
rCorr    .         Harm     .   (no gloves)
MR       .....                  (no boots)
Stlth    ..........             (no amulet)
HPRegen  0.11/turn              (no ring)
MPRegen  0.09/turn              (no ring)

@: mighty
A: negative energy resistance 1, electricity resistance, unbreathing,
petrification resistance, rot immunity, AC +4
a: no special abilities


You were on level 3 of the Dungeon.
You were not hungry.

You visited 1 branch of the dungeon, and saw 3 of its levels.

You collected 57 gold pieces.

Inventory:

Hand Weapons
 a - a +0 flail (weapon)
Armour
 b - a +0 scale mail
 c - a +0 shield (worn)
 i - a +0 ring mail of fire resistance (worn)
Jewellery
 l - a +4 amulet of reflection {unknown}
 q - a +2 ring of protection {unknown}
 r - an uncursed amulet of the gourmand {unknown}
Wands
 p - a wand of flame (25)
Scrolls
 e - 5 scrolls of identify {unknown}
 h - 3 scrolls of remove curse {unknown}
 n - a scroll of magic mapping {unknown}
 o - a scroll of enchant armour {unknown}
Potions
 j - a potion of brilliance {unknown}
 k - a potion of resistance {unknown}
 m - a potion of mutation {unknown}
Comestibles
 f - a ration


   Skills:
 + Level 3.7 Fighting
 + Level 2.7 Maces & Flails
 + Level 4.2 Armour
 + Level 1.4 Dodging
 + Level 4.1 Shields


You had 4 spell levels left.
You didn't know any spells.

Dungeon Overview and Level Annotations

Branches:
Dungeon (3/15)

Altars:

Annotations:
D:3 Robin


Innate Abilities, Weirdness & Mutations

You are resistant to torment.
Your stone body is resilient. (AC +4)
You are immune to poison.
You resist negative energy. (rN+)
You are resistant to electric shocks. (rElec)
You can survive without breathing.
You are immune to petrification.
You are immune to rotting.


Message History

A goblin comes into view. It is wielding a dagger.
You barely miss Robin.
Robin is severely wounded.
You hear a shout! x2
You block the goblin's attack. You block Robin's attack.
You block the goblin's attack.
Unknown command.
You barely miss Robin.
Robin is severely wounded.
You block the goblin's attack.
Robin roars a battlecry!
You block the goblin's attack. The goblin barely misses you.
A goblin comes into view. It is wielding a dagger.
Unknown command.
You barely miss Robin.
Robin is severely wounded.
Robin hits you with a spear.
* * * LOW HITPOINT WARNING * * *
The goblin hits you.
You die...

# #g####
#.#...
#....##
#...g.
#..#g#####.#
#..g@g.....#
##.#.#######
# #.# #.####
#....##
#..)..#
#.....#
#<....#
#..).##


You could see Robin and 4 goblins.

Vanquished Creatures
  An orc wizard (D:3)
  4 adders
  A worm (D:2)
  4 leopard geckos
  4 orcs (D:3)
  6 bats
  5 giant cockroaches
  6 goblins
  5 hobgoblins
  A ball python (D:1)
  5 frilled lizards
  5 kobolds
  4 rats
51 creatures vanquished.

Notes
Turn   | Place    | Note
-------+----------+-------------------------------------------
     0 | D:1      | Mrkan the Gargoyle Fighter began the quest for the Orb.
     0 | D:1      | Reached XP level 1. HP: 14/14 MP: 1/1
   128 | D:1      | Reached XP level 2. HP: 16/19 MP: 2/2
   827 | D:2      | Reached XP level 3. HP: 13/23 MP: 3/3
  1048 | D:2      | Reached skill level 1 in Dodging
  1048 | D:2      | Reached XP level 4. HP: 14/28 MP: 4/4
  1997 | D:3      | Noticed Robin
  2004 | D:3      | Reached XP level 5. HP: 10/33 MP: 5/5
  2015 | D:3      | Slain by a goblin

Skill      XL: |  1  2  3  4 |
---------------+-------------+-----
Armour         | 4 |  4.2
Dodging        | 1 |  1.4
Shields        | 4 |  4.1
Fighting       | |  3.7
Maces & Flails | |  2.7

Action                   |  1- 3 |  4- 6 || total
-------------------------+-------+-------++-------
Melee: Flail             |   113 |   138 ||   251
  Use: Potion            |       |     1 ||     1
  Eat: Chunk             |       |     3 ||     3
       Ration            |       |     1 ||     1
Armor: Scale mail        |    54 |       ||    54
       Ring mail         |    32 |    94 ||   126
Dodge: Dodged            |    53 |    89 ||   142
Block: Shield            |    77 |   120 ||   197
